 Dungeon Crawl Stone Soup version 0.32-a0-940-g8c197d95f1 (webtiles) character file.

Game seed: 16359490956110664876

1884 Revguard the Trooper (level 8, -2/65 HPs)
             Began as a Demonspawn Fighter on Apr 16, 2024.
             Was a Believer of Uskayaw.
             Slain by an orc warrior
             ... wielding a +0 dire flail
              (13 damage)
             ... on level 6 of the Dungeon.
             The game lasted 00:09:04 (4400 turns).

Revguard the Trooper (Demonspawn Fighter)           Turns: 4400, Time: 00:09:05

Health: -2/65      AC:  7    Str: 25    XL:     8   Next: 92%
Magic:  0/11       EV: 12    Int:  4    God:    Uskayaw [**....]
Gold:   313        SH:  8    Dex: 15    Spells: 7/7 levels left

rFire   + + +        a - +0 war axe
rCold   . . .        (no shield)
rNeg    . . .        q - +0 leather armour of the Black Moon {rElec rF+++ Int-5 Dex+3}
rPois   .            (no helmet)
rElec   +            (no cloak)
rCorr   .            (no gloves)
SInv    .            (no boots)
Will    .....        n - brooch of Shielding {Spirit SH+8}
Stlth   +            g - +4 ring of protection
HPRegen 0.30/turn    u - +6 ring of strength
MPRegen 0.12/turn

%: guardian spirit
@: lethally poisoned (-2 -> -19)
A: powered by pain 1, weakness stinger 1, demonic touch 1
a: Renounce Religion, Stomp, Line Pass


You were on level 6 of the Dungeon.
You worshipped Uskayaw.
Uskayaw was noncommittal.
You visited 2 branches of the dungeon, and saw 7 of its levels.

You collected 313 gold pieces.

Inventory:

Hand Weapons
 a - a +0 war axe (weapon)
Armour
 b - a +0 scale mail
 c - a +0 buckler
 q - the +0 leather armour of the Black Moon (worn) {rElec rF+++ Int-5 Dex+3}
   (You found it on level 3 of the Dungeon)

   Int-5:     It affects your intelligence (-5).
   Dex+3:     It affects your dexterity (+3).
   rF+++:     It renders you almost immune to fire.
   rElec:     It insulates you from electricity.
Jewellery
 g - a +4 ring of protection (left hand)
 n - the brooch of Shielding (around neck) {Spirit SH+8}
   (You found it on level 2 of the Dungeon)

   [amulet of guardian spirit]

   Spirit:    It causes incoming damage to be divided between your reserves of
   health and magic.
   SH+8:      It affects your SH (+8).
 t - an amulet of guardian spirit
 u - a +6 ring of strength (right hand)
Wands
 d - a wand of warping (1)
 p - a wand of charming (18)
Scrolls
 e - 3 scrolls of noise {unknown}
 f - 2 scrolls of amnesia {unknown}
 h - 2 scrolls of fear {unknown}
 j - 2 scrolls of teleportation {unknown}
 m - 2 scrolls of vulnerability {unknown}
 r - a scroll of poison
 s - 2 scrolls of revelation {unknown}
 v - a scroll of fog
Potions
 i - 3 potions of curing {unknown}
 k - a potion of mutation
 l - a potion of enlightenment
 o - a potion of heal wounds
 w - 2 potions of invisibility {unknown}
 x - a potion of brilliance {unknown}


   Skills:
 * Level 6.4 Fighting
 * Level 5.5 Axes
 + Level 4.6 Armour
 + Level 3.5 Dodging
 - Level 3.1 Shields
 + Level 4.8 Invocations
 + Level 3.7 Evocations


You had 7 spell levels left.
You didn't know any spells.
Your spell library contained the following spells:

 Spells                   Type           Power      Damage    Failure   Level
 Volatile Blastmotes      Fire/Tloc      0%         2d10      88%         3
 Fulminant Prism          Conj/Alch      0%         3d5       99%         4
 Iskenderun's Mystic Bla Conj/Tloc 0%             2d3        (+2d1     99%         4


Dungeon Overview and Level Annotations

Branches:
Dungeon (6/15)             Temple (1/1) D:4

Altars:
Cheibriados
Gozag
Hepliaklqana
Kikubaaqudgha
Makhleb
Nemelex Xobeh
Okawaru
Qazlal
Ru
Sif Muna
Trog
Uskayaw
Xom
Yredelemnul


Innate Abilities, Weirdness & Mutations

You sometimes gain a little power by taking damage.
You have a small tail.
Your touch may inflict minor irresistible damage on your foes.


Message History

The water moccasin bites you but does no damage.
The orc warrior barely misses you. The orc misses you.
You closely miss the centaur. You barely miss the water moccasin.
You hit the orc warrior but do no damage.
You focus on the pain.
You feel your power returning.
You feel extremely sick. You block the centaur's attack.
The centaur kicks you but does no damage.
The water moccasin bites you but does no damage.
The centaur completely misses you. The centaur closely misses you.
The orc warrior barely misses you. The water moccasin bites you.
* * * LOW HITPOINT WARNING * * *
The orc hits you from afar with a +3 trident of venom.
* * * LOW HITPOINT WARNING * * *
You are more poisoned.
You stomp with the beat, sending a shockwave through the revellers around you!
The water moccasin is severely wounded.
The orc warrior is severely wounded.
The centaur is heavily wounded.
You can no longer pass through a line of other dancers.
* * * LOW HITPOINT WARNING * * *
You feel very sick. The centaur closely misses you.
The centaur kicks you but does no damage.
The water moccasin bites you!
* * * LOW HITPOINT WARNING * * *
The orc warrior hits you with a +0 dire flail.
* * * LOW HITPOINT WARNING * * *
You block the orc's attack.
The centaur hits you but does no damage.
The centaur kicks you but does no damage.
You can now pass through a line of other dancers.
You feel much better.
* * * LOW HITPOINT WARNING * * *
You feel very sick. The water moccasin closely misses you.
The centaur hits you.
* * * LOW HITPOINT WARNING * * *
The centaur kicks you but does no damage.
The orc warrior hits you with a +0 dire flail!
You die...
Your body falls in perfect tune with the rhythm.

###..........# ###.#
#...##...###.# #.# ##
#. #...# #.# #..
...###.####...###..
##.
##..>..$..........#.
#.
...#..?..#...........
#.
......o....###########
#. .......c...# #.
......BS@..# #.
.......o...# #.
...........# #.
...........# #.
..........## ##
...#.....## ##########


You could see an orc warrior, a water moccasin, a centaur, a bombardier beetle
and an orc.

Vanquished Creatures
  Pikel (D:5)
  Grinder (D:5)
  2 ice beasts (D:5)
  A black bear (D:3)
  An ogre (D:5)
  3 lemures (D:5)
  2 kobold brigands
  2 scorpions
  2 howler monkeys
  A bombardier beetle (D:5)
  5 hounds
  3 jellies
  2 iguanas
  2 orc priests
  2 sleepcaps
  An orc wizard (D:5)
  A mummy (D:6)
  4 adders
  A shadow imp (D:5)
  2 white imps
  2 dart slugs
  A ribbon worm (D:5)
  18 orcs
  7 ball pythons
  7 endoplasms
  3 giant cockroaches
  6 goblins
  7 hobgoblins
  12 jackals
  2 quokkas
  3 bats
  A frilled lizard (D:2)
  3 hobgoblin zombies (D:6)
  10 kobolds
  An orc zombie (D:6)
  A rat (D:1)
123 creatures vanquished.

Vanquished Creatures (others)
  An ogre (D:5)
  A bombardier beetle (D:5)
  An iguana (D:5)
  3 adders (D:5)
  An orc (D:5)
7 creatures vanquished.

Grand Total: 130 creatures vanquished

Notes
Turn   | Place    | Note
-------+----------+-------------------------------------------
     0 | D:1      | Revguard the Demonspawn Fighter began the quest for the
                  | Orb.
     0 | D:1      | Reached XP level 1. HP: 18/18 MP: 1/1
   276 | D:1      | Discovered your monstrous ancestry.
   276 | D:1      | Gained mutation: You have a small tail. [demonic ancestry]
   276 | D:1      | Reached XP level 2. HP: 19/24 MP: 2/2
   746 | D:2      | Reached XP level 3. HP: 24/29 MP: 3/3
   788 | D:2      | Found an ancient bone altar of Kikubaaqudgha.
   814 | D:2      | Reached skill level 1 in Invocations
   824 | D:2      | Found the brooch of Shielding {Spirit SH+8}
  1028 | D:2      | Reached skill level 1 in Dodging
  1030 | D:2      | Gained mutation: Your touch may inflict minor irresistible
                  | damage on your foes. [demonic ancestry]
  1030 | D:2      | Reached XP level 4. HP: 35/35 MP: 4/4
  1204 | D:3      | Reached skill level 1 in Evocations
  1426 | D:3      | Found a sparkling altar of Nemelex Xobeh.
  1426 | D:3      | Found a transporter.
  1426 | D:3      | Noticed a black bear
  1438 | D:3      | Killed a black bear
  1439 | D:3      | Gained mutation: You sometimes gain a little power by
                  | taking damage. [demonic ancestry]
  1439 | D:3      | Reached XP level 5. HP: 27/42 MP: 4/6
  1616 | D:3      | Found a faded altar of an unknown god.
  1617 | D:3      | Found a hazy altar of Hepliaklqana.
  1628 | D:3      | Reached skill level 4 in Fighting
  1628 | D:3      | Reached XP level 6. HP: 42/48 MP: 5/7
  1686 | D:3      | Identified the +0 leather armour of the Black Moon {rElec
                  | rF+++ Int-5 Dex+3}
  2192 | D:4      | Found a staircase to the Ecumenical Temple.
  2211 | Temple   | Entered the Ecumenical Temple
  2230 | Temple   | Became a worshipper of Uskayaw the Reveller
  2370 | D:4      | Reached * piety under Uskayaw
  2543 | D:4      | Reached ** piety under Uskayaw
  2545 | D:4      | Reached *** piety under Uskayaw
  2550 | D:4      | Reached **** piety under Uskayaw
  2830 | D:5      | Entered Level 5 of the Dungeon
  2831 | D:5      | Found a shimmering altar of Xom.
  2831 | D:5      | Noticed an ice beast
  2845 | D:5      | Reached XP level 7. HP: 52/55 MP: 9/9
  2859 | D:5      | Reached ***** piety under Uskayaw
  3022 | D:5      | Reached skill level 5 in Fighting
  3174 | D:5      | Found a burning altar of Makhleb.
  3362 | D:5      | Noticed Pikel
  3385 | D:5      | Killed Pikel
  3386 | D:5      | Reached XP level 8. HP: 38/64 MP: 5/11
  3390 | D:5      | Reached skill level 5 in Axes
  3587 | D:5      | Noticed Grinder
  3592 | D:5      | Killed Grinder
  3593 | D:5      | Reached skill level 6 in Fighting
  3720 | D:5      | Found a stormy altar of Qazlal.
  4399 | D:6      | HP: 2/65 [orc warrior/+0 dire flail (3)]
  4400 | D:6      | Slain by an orc warrior

Illustrated notes

Levels and vault maps discovered:
D:1:      minmay_arrival_shattered_statue, layout_loops_ring
D:2:      layout_rooms, basic_altar
D:3:      cheibrodos_pilgrimage, layout_rooms,
          beargit_hepliaklqana_dungeon_heroes, grunt_nemelex_the_gamble,
          chequers_jeans, serial_bayou_lagoon_a
D:4:      minmay_razor_zed, layout_gridville, minmay_temple_entry_wispy
D:5:      layout_loops_corners, xom_confusion_cloud, kennysheep_mini_moat,
          mainiacjoe_overflow_boulevard, uniq_pikel, uniq_grinder
D:6:      layout_rooms, minmay_mini_ossuary
Temple:   nicolae_temple_bog_church

Skill      XL: |  1  2  3  4  5  6  7  8 |
---------------+-------------------------+-----
Axes           | 2 3 4 5 |  5.5
Shields        | 3 |  3.1
Invocations    | 1 2 4 |  4.8
Dodging        | 1 2 3 |  3.5
Armour         | 3 4 |  4.6
Evocations     | 1 2 3 |  3.7
Fighting       | 4 5 6 |  6.4

Action                     |  1- 3 |  4- 6 |  7- 9 || total
---------------------------+-------+-------+-------++-------
  Melee: War axe           |    93 |    96 |   106 ||   295
         Tailslap          |     8 |    17 |    20 ||    45
         Touch             |       |    12 |    14 ||    26
 Invoke: Stomp             |       |     1 |     3 ||     4
  Evoke: Wand              |       |       |     2 ||     2
    Use: Potion            |       |       |     5 ||     5
         Scroll            |       |       |     5 ||     5
   Stab: Paralysed         |       |     3 |     2 ||     5
         Sleeping          |       |       |     1 ||     1
 Armour: Scale mail        |    66 |    32 |       ||    98
         Leather armour    |       |    37 |    88 ||   125
  Dodge: Dodged            |    47 |    50 |    60 ||   157
  Block: Buckler           |    36 |     7 |       ||    43
         Other             |       |    33 |    38 ||    71

Table legend: (Time is in decaauts)
 A = Elapsed time spent in this place.
 B = Non-inter-level travel time spent in this place.
 C = Inter-level travel time spent in this place.
 D = Time resting spent in this place.
 E = Time spent auto-exploring this place.
 F = Levels seen in this place.
 G = Mean time per level.
                   A        B        C        D        E       F      G
               +--------+--------+--------+--------+--------+-----+--------+
         Total |   4508 |   4360 |    148 |      0 |   3412 |   7 |  644.0 |
       Dungeon |   4475 |   4338 |    137 |      0 |   3412 |   6 |  745.8 |
        Temple |     32 |     21 |     11 |      0 |      0 |   1 |   32.0 |
               +--------+--------+--------+--------+--------+-----+--------+

Top non-repeatable levels by time:
     D:5: 1348 daAuts
     D:4: 993 daAuts
     D:1: 768 daAuts
     D:3: 705 daAuts
     D:2: 407 daAuts
     D:6: 251 daAuts
  Temple: 32 daAuts
